 Dungeon Crawl Stone Soup version 0.18-a0-1643-gb89d9db (webtiles) character file.

141 Oddball22 the Insei (level 5, -4/28 HPs)
             Began as a Vine Stalker Monk on Mar 28, 2016.
             Slain by Natasha (7 damage)
             ... on level 2 of the Dungeon.
             The game lasted 00:03:15 (799 turns).

Oddball22 the Insei (Vine Stalker Monk)              Turns: 799, Time: 00:03:16

Health: -4/28      AC:  2    Str: 13    XL:     5   Next: 24%
Magic:  0/6        EV: 14    Int: 10    God:
Gold:   107        SH:  0    Dex: 18    Spells: 0 memorised, 4 levels left

rFire  . . .     SeeInvis .       - Unarmed
rCold  . . .     Gourm    .     a - +0 robe
rNeg   . . .     Faith    .     (no shield)
rPois  .         Spirit   +     (no helmet)
rElec  .         Dismiss  .     (no cloak)
rCorr  .         Reflect  .     (no gloves)
SustAt .         Harm     .     (no boots)
MR     .....                    (no amulet)
Stlth  ++........               (no ring)
                                (no ring)

@: slowed, very slow, not resistant to hostile enchantments, unstealthy
A: fangs 2, regeneration 1, magic shield, antimagic bite, no device heal 3, rot
immunity
a: no special abilities


You were on level 2 of the Dungeon.
You were not hungry.

You visited 1 branch of the dungeon, and saw 2 of its levels.

You collected 107 gold pieces.

Inventory:

Armour
 a - a +0 robe (worn)
Wands
 l - a wand of random effects (11/48)
Scrolls
 c - a scroll of remove curse {unknown}
 d - a scroll of noise {unknown}
 h - 2 scrolls of identify {unknown}
 i - a scroll of blinking {unknown}
Potions
 e - a potion of cure mutation {unknown}
 g - a potion of agility {unknown}
 j - a potion of haste {unknown}
 k - a potion of ambrosia {unknown}
Comestibles
 b - a bread ration


   Skills:
 + Level 3.3 Fighting
 + Level 3.2 Dodging
 - Level 2.4 Stealth
 * Level 5.3 Unarmed Combat


You had 4 spell levels left.
You didn't know any spells.

Dungeon Overview and Level Annotations

Branches:
Dungeon (2/15)

Altars:

Annotations:
D:2 Natasha


Innate Abilities, Weirdness & Mutations

You have extremely sharp teeth.
Your natural rate of healing is unusually fast.
When hurt, damage is shared between your health and your magic reserves.
Your bite disrupts and absorbs the magic of your enemies.
Potions and wands cannot restore your health.
You are immune to rotting.


Message History

Natasha claws you.
You hit Natasha but do no damage. You closely miss Natasha.
Your bite misses Natasha.
Natasha howls an incantation.
You feel disoriented. Natasha casts a spell at you.
You feel yourself slow down.
You hit Natasha.
Natasha is lightly wounded.
Natasha claws you!
* * * LOW HITPOINT WARNING * * *
Natasha completely misses you.
You closely miss Natasha.
Natasha is lightly wounded.
Natasha claws you.
* * * LOW HITPOINT WARNING * * *
You closely miss Natasha. Your bite misses Natasha.
Natasha is lightly wounded.
Natasha claws you!
You die...

.<...........#####..........##.#
..........#.## #...).......##.#
....##......# #.##.......###.#
#.####....### ##.#............#
#.##...#### #..#.........####
#....### ####.#..........#
###.)# #.....[.........# #..#
#.#.............# #..# #
#.@........>.## #..#
......h<..##.....## #.##
....############## ### ..# #


You could see Natasha.

Vanquished Creatures
  Terence (D:2)
  Natasha (twice) (D:2)
  Robin (D:2)
  2 adders (D:2)
  An ooze (D:2)
  A worm (D:2)
  A dart slug (D:1)
  3 bats
  9 goblins (D:2)
  4 hobgoblins (D:2)
  A quokka (D:2)
  A giant newt (D:2)
  3 kobolds
30 creatures vanquished.

Notes
Turn   | Place    | Note
--------------------------------------------------------------
     0 | D:1      | Oddball22 the Vine Stalker Monk began the quest for the Orb.
     0 | D:1      | Reached XP level 1. HP: 11/11 MP: 2/2
   114 | D:1      | You fall through a shaft!
   119 | D:2      | Reached XP level 2. HP: 16/16 MP: 3/3
   137 | D:2      | Noticed Terence
   171 | D:2      | Noticed Natasha
   223 | D:2      | Killed Natasha
   223 | D:2      | Reached XP level 3. HP: 2/19 MP: 1/4
   386 | D:2      | Noticed Natasha
   394 | D:2      | Killed Natasha
   394 | D:2      | Reached skill level 5 in Unarmed Combat
   394 | D:2      | Reached XP level 4. HP: 18/24 MP: 3/5
   448 | D:2      | Noticed Robin
   472 | D:2      | Killed Robin
   602 | D:2      | Killed Terence
   602 | D:2      | Reached XP level 5. HP: 8/28 MP: 4/6
   783 | D:2      | Noticed Natasha
   799 | D:2      | Slain by Natasha

Vault maps used:
D:1:      lightli_arrival_boilingwater, serial_park_tiny_2
D:2:      uniq_robin, uniq_terence, uniq_natasha

Skill      XL: |  1  2  3 |
---------------+----------+-----
Fighting       | 3 |  3.3
Dodging        | 3 |  3.2
Unarmed Combat | 5 |  5.3
Stealth        | |  2.4

Action                   |  1- 3 |  4- 6 || total
-------------------------+-------+-------++-------
Melee: Unarmed           |    47 |    75 ||   122
 Stab: Sleeping          |     1 |       ||     1
